 Dungeon Crawl Stone Soup version 0.27.0-1-g7a089689b8 (webtiles) character file.

Game seed: 1409963486463328005

136 tilp the Sneak (level 4, -2/35 HPs)
             Began as a Vampire Hunter on Aug 3, 2021.
             Slain by an iguana (9 damage)
             ... on level 4 of the Dungeon.
             The game lasted 00:04:41 (2166 turns).

tilp the Sneak (Vampire Hunter)                     Turns: 2166, Time: 00:04:42

Health: -2/35      AC:  4    Str: 12    XL:     4   Next: 98%
Magic:  4/4        EV: 12    Int: 13    God:
Gold:   82         SH:  0    Dex: 14    Spells: 3/3 levels left

rFire    . . .     SeeInvis +   a - +0 rapier
rCold    . . .     Faith    .   (no shield)
rNeg     . . .     Spirit   .   t - +0 leather armour
rPois    .         Reflect  .   (no helmet)
rElec    .         Harm     .   o - +0 cloak
rCorr    .         Rampage  .   (no gloves)
Will     .....                  (no boots)
Stlth    +++.......             (no amulet)
HPRegen  0.31/turn              (no ring)
MPRegen  0.09/turn              (no ring)

@: healing quickly
A: alive, fangs 3, see invisible, vampiric 2
a: Exsanguinate


You were on level 4 of the Dungeon.
You visited 1 branch of the dungeon, and saw 4 of its levels.

You collected 82 gold pieces.

Inventory:

Hand Weapons
 a - a +0 rapier (weapon)
 b - a +0 short sword
 j - a +2 whip of holy wrath
Missiles
 c - 5 javelins
 e - 4 boomerangs (quivered)
 q - 8 atropa-tipped darts
Armour
 i - a +0 plate armour
 o - a +0 cloak (worn)
 t - a +0 leather armour (worn)
Jewellery
 r - a ring of resist corrosion
Scrolls
 f - a scroll of teleportation
 p - a scroll of amnesia {unknown}
 s - a scroll of acquirement {unknown}
Potions
 g - a potion of might
 h - a potion of cancellation
 k - a potion of heal wounds {unknown}
 l - a potion of haste {unknown}
 m - a potion of attraction {unknown}
 n - a potion of curing {unknown}


   Skills:
 * Level 3.2 Fighting
 - Level 3.2 Throwing
 + Level 3.0 Dodging
 + Level 5.1 Stealth


You had 3 spell levels left.
You didn't know any spells.
Your spell library contained the following spells:

 Spells                   Type           Power      Damage    Failure   Level
 Gell's Gravitas          Tloc           0%         N/A       75%         3
 Lesser Beckoning         Tloc           0%         N/A       75%         3
 Teleport Other           Tloc           0%         N/A       75%         3


Dungeon Overview and Level Annotations

Branches:
Dungeon (4/15)
 Temple: D:4-7

Altars:
Ru

Annotations:
D:3 Grinder


Innate Abilities, Weirdness & Mutations

Your natural rate of healing is accelerated.
You have razor-sharp teeth.
You have supernaturally acute eyesight. (SInv)
You are afflicted with vampirism and can become a bat while bloodless.


Message History

The iguana is almost dead.
You feel sick. The adder bites you.
* * * LOW HITPOINT WARNING * * *
You are more poisoned.
The adder poisons you!
Unknown command.
Unknown command.
Throw: 2 throwing nets
Press: ? - help, Shift-Dir - straight line, f - adder, p - iguana
Aim: an adder (42% to hit)
You throw a throwing net. The throwing net hits the adder.
The adder is caught in the net!
You feel sick.
The adder struggles against the net. x2
Unknown command.
You barely miss the adder.
You feel sick.
The adder struggles against the net.
The net rips apart, and the adder comes free!
You barely miss the adder.
You feel sick. The adder barely misses you. The adder misses you.
Throw: throwing net
Press: ? - help, Shift-Dir - straight line, f/p - adder
Aim: an adder (42% to hit)
You throw a throwing net. The throwing net hits the adder.
The adder is caught in the net!
The adder struggles against the net.
Unknown command.
You hit the adder.
The adder is lightly wounded.
You feel sick.
The adder struggles against the net. x2
You puncture the adder! You bite the adder, but do no damage.
The adder is severely wounded.
You feel sick.
You are no longer poisoned.
The adder struggles against the net.
The net rips apart, and the adder comes free!
You hit the adder.
You kill the adder!
Your leather armour prevents you from hitting the iguana.
The iguana is almost dead.
The iguana bites you!
You die...

## .# .#
.#################
.................#
################@#
. #l# # #o.......
..######. ....
....# .....#
......# .......#


You could see an iguana and an orc.

Vanquished Creatures
  A gnoll (D:1)
  6 adders
  A worm (D:2)
  5 dart slugs
  An orc (D:3)
  3 ball pythons
  2 endoplasms
  2 giant cockroaches (D:3)
  4 hobgoblins
  3 jackals (D:1)
  3 quokkas
  7 bats
  8 frilled lizards
  5 goblins
  5 kobolds
  5 rats
61 creatures vanquished.

Vanquished Creatures (others)
  4 toadstools (D:1)
4 creatures vanquished.

Grand Total: 65 creatures vanquished

Notes
Turn   | Place    | Note
-------+----------+-------------------------------------------
     0 | D:1      | tilp the Vampire Hunter began the quest for the Orb.
     0 | D:1      | Reached XP level 1. HP: 16/16 MP: 1/1
    32 | D:1      | Reached skill level 3 in Stealth
    32 | D:1      | Reached XP level 2. HP: 12/22 MP: 2/2
   392 | D:1      | Reached skill level 4 in Stealth
   669 | D:2      | Gained mutation: You are afflicted with vampirism and can
                  | become a bat while bloodless. [Vampire growth]
   669 | D:2      | Reached XP level 3. HP: 23/27 MP: 3/3
  1271 | D:3      | Reached XP level 4. HP: 31/34 MP: 4/4
  1326 | D:3      | Noticed Grinder
  1417 | D:3      | Paralysed by Grinder for 7 turns
  1712 | D:3      | Reached skill level 5 in Stealth
  2096 | D:4      | Found a sacrificial altar of Ru.
  2166 | D:4      | Slain by an iguana

Illustrated notes

Levels and vault maps discovered:
D:1:      ldierk_walled_garden_2, layout_rooms, minivault_4
D:2:      layout_rooms
D:3:      layout_basic, uniq_grinder
D:4:      layout_basic, grunt_temple_overflow_forces_of_nature,
          nicolae_ru_sacrificial_ziggurat, gammafunk_temple_overflow_elements,
          eino_tiny_chamber, serial_bayou_lagoon_a

Skill      XL: |  1  2  3  4 |
---------------+-------------+-----
Fighting       | 2 3 |  3.2
Stealth        | 3 4 5 |  5.1
Dodging        | 3 |  3.0
Throwing       | |  3.2

Action                   |  1- 3 |  4- 6 || total
-------------------------+-------+-------++-------
Melee: Short sword       |   144 |    45 ||   189
       Bite              |     6 |     5 ||    11
       Rapier            |       |    13 ||    13
Throw: Javelin           |     5 |     1 ||     6
       Throwing net      |       |     2 ||     2
  Use: Scroll            |     2 |     1 ||     3
 Stab: Sleeping          |     7 |     4 ||    11
Armor: Leather armour    |    39 |     9 ||    48
Dodge: Dodged            |   106 |    35 ||   141
